Map: Dusty Gorge

Players

TussMcTuss

  • Race: Protoss Protoss
  • Spawn Location: 3:00

DrStrike

  • Race: Zerg Zerg
  • Spawn Location: 5:00

MonstroTown - Winner!

  • Race: Terran Terran
  • Spawn Location: 11:00

Michael - Winner!

  • Race: Zerg Zerg
  • Spawn Location: 9:00

VOD

Have the link to the VOD?

Description

Time

  • Played on: Aug. 31, 2018, 10:11 p.m.
  • Length: 12:57
Show
View Real Time Build Order
Export as new Build Order

TussMcTuss Protoss 

Build Orders:  

Get SALT Encoding   

  12  0:07  Probe  
  13  0:19  Probe  
  14  0:23  Pylon  
  14  0:29  Probe  
  15  0:38  Probe  
  16  0:45  Gateway  
  16  0:46  Probe  
  16  0:51  Assimilator  
  17  1:02  Pylon  
  17  1:29  Gateway  
  17  1:32  Cybernetics Core  
  17  1:51  Nexus  
  17  1:57  Assimilator  
  17  1:58  Warp Gate  
  17  2:14  Pylon  
  17  2:25  Adept  
  17  2:26  Adept  
  20  3:39  Probe  
  20  3:43  Stargate x2  
  20  3:46  Probe  
  20  3:47  Probe  
  21  3:54  Probe  
  23  3:56  Probe  
  23  4:02  Probe  
  25  4:05  Probe  
  27  4:10  Probe  
  27  4:13  Probe  
  28  4:19  Probe  
  28  4:22  Forge  
  28  4:23  Probe  
  32  4:31  Probe, Assimilator  
  32  4:35  Probe  
  33  4:39  Pylon  
  33  4:43  Probe  
  33  4:45  Phoenix  
  36  4:51  Phoenix  
  38  4:54  Probe  
  39  5:03  Photon Cannon  
  39  5:05  Probe  
  39  5:06  Probe  
  41  5:18  Probe x2  
  41  5:21  Stalker  
  40  5:30  Stalker  
  30  5:46  Stalker  
  30  5:52  Probe  
  30  5:53  Probe  
  32  6:04  Probe  
  32  6:05  Probe  
  34  6:13  Stalker  
  34  6:14  Stalker  
  34  6:16  Probe  
  34  6:17  Probe  
  40  6:24  Photon Cannon  
  40  6:29  Probe  
  41  6:40  Stalker x2  
  43  7:01  Void Ray  
  43  7:02  Void Ray  
  43  7:06  Assimilator  
  51  7:12  Stalker  
  51  7:15  Probe x2  
  55  7:23  Probe x2  
  57  7:31  Probe x2  
  59  7:43  Probe x2  
  61  7:45  Fleet Beacon  
  61  8:02  Probe  
  62  8:06  Pylon  
  62  8:07  Pylon  
  62  8:23  Void Ray  
  62  8:24  Probe x2  
  62  8:25  Stalker  
  62  8:26  Stalker  
  72  8:36  Probe x2  
  72  8:56  Shield Battery  
  72  8:57  Shield Battery  
  72  8:58  Void Ray  
  72  8:59  Pylon  
  72  9:02  Pylon  
  72  9:03  Stalker  
  72  9:04  Shield Battery  
  72  9:06  Shield Battery, Protoss Air Weapons Level 1  
  72  9:07  Shield Battery  
  78  9:11  Carrier  
  84  9:37  Stargate  
  84  9:38  Stalker x2  
  86  9:41  Carrier  
  86  9:45  Graviton Catapult  
  88  9:49  Protoss Shields Level 1  
  94  10:16  Nexus  
  94  10:20  Pylon  
  94  10:37  Pylon  
  94  10:38  Carrier  
  96  10:51  Carrier  
  102  11:09  Carrier  
  108  11:20  Zealot  
  108  11:24  Twilight Council  
  110  11:27  Pylon  
  110  11:28  Pylon  
  110  11:31  Pylon  
  110  11:34  Zealot  
  112  11:47  Zealot  
  114  11:55  Gateway  
  114  11:57  Probe  
  114  12:01  Gateway  
  95  12:09  Probe  
  72  12:21  Probe  
  59  12:33  Probe  
Show
View Real Time Build Order
Export as new Build Order

DrStrike Zerg 

Build Orders: Hatch First 

Get SALT Encoding   

  12  0:01  Drone  
  13  0:12  Overlord  
  13  0:18  Drone  
  14  0:34  Drone x2  
  16  0:37  Drone  
  17  0:57  Drone  
  17  1:00  Hatchery  
  17  1:02  Extractor  
  17  1:03  Drone  
  17  1:17  Spawning Pool  
  16  1:20  Drone  
  16  1:23  Drone  
  18  1:29  Drone  
  19  1:39  Overlord  
  19  1:51  Drone  
  20  2:09  Hatchery  
  19  2:16  Drone, Roach Warren  
  19  2:17  Drone  
  20  2:29  Zergling x6  
  23  2:38  Drone x2  
  25  3:00  Queen x2  
  29  3:08  Roach x3  
  35  3:24  Drone  
  35  3:25  Drone x5  
  41  3:34  Extractor  
  41  3:35  Drone x2  
  42  3:46  Overlord x2  
  42  3:53  Lair  
  42  4:01  Overlord  
  42  4:04  Queen  
  44  4:14  Roach x4  
  44  4:16  Drone  
  53  4:18  Drone  
  53  4:22  Overlord  
  54  4:48  Drone x10  
  54  4:49  Drone x2  
  54  4:52  Glial Reconstitution  
  66  4:57  Overlord  
  66  5:02  Roach x2  
  66  5:03  Roach  
  72  5:11  Extractor  
  71  5:15  Roach x4  
  71  5:16  Roach  
  71  5:19  Overlord  
  81  5:44  Roach x4  
  88  5:54  Drone  
  88  5:55  Overlord  
  88  5:56  Overlord x3  
  89  6:11  Overlord x6  
  88  6:19  Ravager x2  
  90  6:32  Overseer x2  
  82  6:44  Extractor, Drone x2  
  82  6:45  Drone  
  82  6:46  Drone x3  
  87  6:47  Extractor  
  87  6:48  Drone  
  87  6:49  Drone x3  
  83  6:59  Roach x4  
  83  7:00  Roach x3  
  97  7:04  Drone  
  97  7:05  Drone x5  
  103  7:16  Infestation Pit  
  103  7:21  Evolution Chamber  
  101  7:24  Evolution Chamber  
  101  7:25  Roach x7  
  114  7:37  Ravager x2  
  116  7:53  Infestor  
  116  7:54  Drone x3  
  121  7:59  Drone x4  
  121  8:00  Drone x2  
  121  8:02  Roach x6  
  121  8:51  Roach x9  
  121  8:52  Roach x6  
  135  9:05  Zerg Missile Weapons Level 1, Zerg Ground Armor Level 1  
  135  9:22  Hive  
  135  9:25  Spire  
  134  9:33  Overseer x3  
  134  9:55  Hydralisk Den  
  133  10:20  Nydus Network  
  132  10:26  Extractor  
  131  10:37  Greater Spire  
  117  10:53  Drone x2  
  117  10:54  Corruptor, Infestor, Drone  
  117  10:55  Drone  
  117  10:56  Hydralisk x6  
  137  11:08  Overseer  
  137  11:10  Zergling x2  
  138  11:12  Overlord x4  
  138  11:13  Overlord x7  
  138  11:17  Nydus Canal  
  121  12:18  Hydralisk x24  
Show
View Real Time Build Order
Export as new Build Order

MonstroTown Terran - Winner!

Build Orders: Reaper Expand, MMM Bio 

Get SALT Encoding   

  12  0:01  SCV  
  13  0:13  SCV  
  14  0:18  Supply Depot  
  14  0:25  SCV  
  15  0:40  SCV  
  15  0:41  Barracks  
  16  0:47  Refinery  
  16  0:52  SCV  
  18  1:04  SCV  
  18  1:16  SCV  
  19  1:30  Reaper  
  19  1:31  Orbital Command  
  20  1:47  Command Center  
  20  1:58  SCV  
  21  2:04  Barracks Reactor  
  21  2:07  Supply Depot  
  21  2:10  SCV  
  22  2:23  SCV  
  22  2:25  Refinery  
  23  2:31  Factory  
  23  2:35  SCV  
  24  2:42  Marine x2  
  25  2:47  SCV  
  25  2:59  SCV, Barracks  
  25  3:04  Orbital Command  
  26  3:05  Marine  
  26  3:06  Marine  
  26  3:11  SCV  
  29  3:17  Factory Tech Lab  
  29  3:24  SCV  
  29  3:25  Starport, Marine  
  31  3:28  Marine  
  32  3:41  Siege Tank  
  35  3:46  Marine  
  35  3:48  Engineering Bay, Barracks Tech Lab  
  36  3:50  Marine  
  36  3:53  SCV  
  36  3:54  SCV  
  39  4:02  Medivac  
  41  4:05  SCV  
  41  4:07  Stimpack  
  42  4:10  SCV  
  42  4:11  Marine  
  42  4:12  Marine  
  42  4:17  Marine  
  46  4:24  Supply Depot  
  46  4:27  Refinery  
  46  4:28  Terran Infantry Weapons Level 1  
  46  4:45  SCV x2  
  46  4:51  Marine x2  
  46  4:52  Marauder  
  52  4:58  SCV  
  53  5:01  Starport Reactor, Supply Depot  
  53  5:03  Supply Depot  
  53  5:05  Supply Depot  
  53  5:06  SCV  
  54  5:22  Siege Tank, SCV x2, Marine  
  60  5:31  Missile Turret  
  60  5:35  Missile Turret  
  54  5:44  SCV x2  
  54  5:47  Marine x2  
  54  5:48  Marauder  
  59  5:55  Engineering Bay  
  57  5:57  Armory, SCV x2  
  57  6:00  Viking  
  57  6:02  Barracks  
  61  6:04  Barracks  
  61  6:08  Combat Shield  
  61  6:09  Marauder, Marine x2  
  65  6:14  SCV x2  
  65  6:18  Refinery  
  67  6:25  Terran Infantry Armor Level 1  
  67  6:26  SCV  
  65  6:33  Marine x2  
  65  6:34  Marauder  
  65  6:37  Viking x2  
  73  6:49  Terran Ship Weapons Level 1  
  73  6:52  Barracks Reactor  
  73  6:53  Barracks Reactor  
  73  6:54  SCV x2  
  74  7:08  Viking x2  
  78  7:18  Marine x2  
  78  7:20  Supply Depot  
  78  7:21  Supply Depot  
  78  7:22  Marauder  
  82  7:41  Viking x2  
  82  7:43  Marine x3, Command Center  
  82  7:44  Marine  
  90  7:55  Marine x2  
  92  7:59  Thor  
  92  8:02  Marauder  
  92  8:03  SCV  
  101  8:16  Marine  
  102  8:22  Marine x2, Viking  
  102  8:26  Marine, Medivac  
  102  8:27  Marine x3  
  109  8:34  Marine  
  110  8:43  Marine  
  110  8:44  Marine  
  110  8:46  Marine  
  110  8:47  Marine x2  
  110  8:48  Widow Mine  
  117  8:51  Terran Infantry Weapons Level 2  
  117  8:52  Terran Ship Weapons Level 2  
  117  8:56  Missile Turret, Viking  
  119  9:08  Marine x4  
  123  9:15  Marine x2  
  125  9:20  SCV x2  
  127  9:25  Orbital Command  
  127  9:32  Viking  
  127  9:33  Marine, Viking  
  127  9:34  Marine  
  133  9:58  Supply Depot  
  133  10:00  Supply Depot  
  133  10:20  Thor, Viking  
  141  10:21  Supply Depot  
  141  10:22  Marine x6, Viking  
  141  10:28  Marine  
  149  10:43  Marine x2  
  149  10:52  Marine  
  149  10:53  Marine x2  
  149  10:56  Viking x2  
  156  11:05  Supply Depot  
  156  11:06  Starport  
  156  11:07  SCV  
  156  11:08  Starport, Barracks  
  156  11:09  Barracks  
  157  11:12  SCV x2  
  157  11:13  Barracks  
  159  11:20  Marine  
  159  11:21  Marine x6  
  159  11:25  Supply Depot  
  166  11:26  Supply Depot  
  166  11:27  Supply Depot  
  166  11:34  Barracks, Viking x2  
  166  11:38  Marine x2  
  166  11:39  Marine  
  173  11:50  Starport Reactor, Starport Tech Lab  
  173  11:53  Thor  
  179  11:55  Marine x4  
Show
View Real Time Build Order
Export as new Build Order

Michael Zerg - Winner!

Build Orders: Hatch First 

Get SALT Encoding   

  12  0:01  Drone  
  13  0:12  Overlord  
  13  0:18  Drone  
  14  0:31  Drone x2  
  14  0:34  Drone  
  17  0:55  Hatchery  
  16  0:57  Drone  
  16  1:00  Drone  
  18  1:04  Extractor  
  17  1:17  Spawning Pool  
  16  1:20  Drone  
  16  1:23  Drone  
  18  1:28  Drone  
  19  1:39  Drone  
  20  1:49  Overlord  
  20  2:07  Overlord  
  20  2:09  Queen  
  20  2:10  Queen  
  20  2:14  Metabolic Boost  
  24  2:17  Zergling x2  
  24  2:21  Zergling x2  
  26  2:25  Drone  
  26  2:27  Drone  
  28  2:31  Drone  
  28  2:35  Drone  
  30  2:50  Roach Warren  
  28  3:01  Drone x5  
  33  3:06  Drone  
  33  3:22  Drone x7  
  40  3:29  Queen  
  41  3:35  Roach  
  41  3:40  Overlord  
  43  3:41  Overlord  
  43  3:44  Zergling x2  
  44  3:56  Evolution Chamber  
  44  3:57  Extractor  
  44  3:59  Zergling x6  
  44  4:00  Zergling x2  
  44  4:02  Drone x4  
  50  4:06  Extractor  
  50  4:07  Extractor  
  48  4:10  Spine Crawler  
  48  4:12  Spore Crawler  
  46  4:22  Spore Crawler, Drone x2  
  46  4:23  Drone  
  48  4:26  Zerg Ground Armor Level 1  
  48  4:31  Lair  
  48  4:43  Roach x4  
  58  4:45  Roach  
  58  4:48  Roach  
  58  4:52  Overlord  
  60  4:55  Overlord  
  60  5:12  Roach x4  
  60  5:13  Roach x2  
  72  5:15  Roach  
  72  5:18  Overlord  
  74  5:22  Overlord  
  74  5:27  Spore Crawler  
  73  5:36  Glial Reconstitution  
  73  5:48  Drone x3  
  76  5:52  Spore Crawler  
  76  5:53  Spore Crawler  
  76  5:55  Spore Crawler  
  73  5:57  Hydralisk Den  
  73  6:01  Spore Crawler, Roach x2  
  75  6:10  Ravager  
  74  6:18  Drone x4  
  78  6:26  Muscular Augments  
  73  6:58  Hydralisk x6  
  84  7:01  Zergling x2  
  84  7:02  Overlord  
  84  7:03  Overlord x3  
  84  7:16  Zerg Missile Weapons Level 1  
  84  7:28  Hatchery  
  83  7:30  Hydralisk x3  
  83  7:36  Unknown  
  89  7:42  Roach x3  
  95  7:46  Hydralisk  
  97  7:57  Hydralisk  
  97  7:58  Hydralisk  
  101  8:00  Roach  
  103  8:20  Roach x5  
  113  8:37  Overlord x3  
  113  8:38  Overlord  
  86  8:55  Roach x4  
  84  8:56  Roach  
  84  9:04  Roach x2  
  84  9:09  Queen  
  90  9:15  Drone  
  90  9:16  Spore Crawler  
  90  9:18  Drone  
  90  9:20  Drone  
  90  9:23  Drone  
  93  9:35  Hydralisk x2  
  93  9:36  Roach  
  99  9:48  Zergling x10  
  104  9:56  Zerg Ground Armor Level 2  
  104  10:04  Drone  
  104  10:05  Drone  
  106  10:11  Unknown x3  
  106  10:14  Roach x2  
  108  10:15  Zergling x6  
  108  10:18  Roach  
  108  10:19  Zergling x2  
  116  10:30  Spire  
  116  10:33  Zergling x6  
  111  10:49  Roach x5  
  107  10:55  Zergling x8  
  111  11:00  Drone  
  111  11:01  Drone  
  113  11:05  Drone  
  114  11:15  Zergling x12  
  120  11:44  Mutalisk x6  
  120  11:45  Mutalisk x7  
  119  12:16  Mutalisk  
  119  12:17  Mutalisk x5  
  119  12:20  Zergling x4  
Tags
 
Add a new tag
Caveats
  • Supply blocks, unpowered buildings, or Contaminate may cause inaccurate times.
  • Supply counts are checked every 10 seconds.